General information
			
			
        
        - name: BNet
 
        - type: Ladder 1vs1/FFA
 
        - host: Battle.net
 
        - saver: MrFrosty
 
        
map: LostTemple 
        - players: 2
 
        - length: 29:23
 
        - speed: Fast
 - version: 1.22 W3XP
 - replay type:  Public
 
» download(139 KB)
Players
        team 1 (winner) 
              
              
MrFrosty (
red | 121 APM | 3555 actions | 29:23)
              
 3 Archmage 
 2 Blizzard
 1 Brilliance Aura
 4 Blood Mage 
 2 Flame Strike
 2 Banish
 
                » actions 
                
                | Assign group hotkey | 32 |  | 
| Basic commands | 93 |  | 
| Build / train | 139 |  | 
| ESC pressed | 3 |  | 
| Enter build submenu | 64 |  | 
| Enter hero's abilities submenu | 8 |  | 
| Give item / drop item | 5 |  | 
| Right click | 1843 |  | 
| Select / deselect | 596 |  | 
| Select group hotkey | 522 |  | 
| Use ability | 250 |  | 
                3555 total
 » units 
                
                | Peasant | 33 |  | 
| Priest | 2 |  | 
| Sorceress | 4 |  | 
                39 total
 » upgrades
                
                | Masonry | 3 |  | 
| Lumber Harvesting | 2 |  | 
| Magic Sentry | 1 |  | 
| Sorceress Training | 2 |  | 
| Priest Training | 2 |  | 
| Animal War Training | 1 |  | 
| Storm Hammers | 1 |  | 
| Armor | 1 |  | 
                13 total
 » buildings
                
                | Altar of Kings | 1 |  | 
| Scout Tower | 56 |  | 
| Farm | 9 |  | 
| Lumber Mill | 1 |  | 
| Arcane Tower | 8 |  | 
| Guard Tower | 28 |  | 
| Arcane Vault | 3 |  | 
| Town Hall | 3 |  | 
| Keep | 1 |  | 
| Arcane Sanctum | 2 |  | 
| Gryphon Aviary | 2 |  | 
| Castle | 1 |  | 
| Barracks | 1 |  | 
| Blacksmith | 1 |  | 
                117 total
 » build order
                00:05 Altar of Kings
00:25 Scout Tower
00:34 Farm
00:44 Lumber Mill
00:53 Arcane Tower
01:20 Farm
01:49 Scout Tower
01:58 Scout Tower
02:15 Guard Tower
02:20 Scout Tower
02:30 Arcane Tower
02:34 Scout Tower
02:47 Arcane Tower
03:01 Scout Tower
03:07 Guard Tower
03:09 Scout Tower
03:17 Arcane Vault
03:27 Scout Tower
03:28 Guard Tower
03:45 Scout Tower
03:45 Scout Tower
03:51 Guard Tower
03:58 Guard Tower
04:30 Arcane Tower
04:57 Scout Tower
05:02 Scout Tower
05:04 Scout Tower
05:08 Farm
05:14 Scout Tower
05:19 Scout Tower
05:30 Arcane Tower
05:33 Guard Tower
05:38 Guard Tower
05:50 Scout Tower
06:33 Town Hall
06:35 Scout Tower
06:47 Guard Tower
06:59 Guard Tower
07:11 Guard Tower
08:03 Arcane Vault
08:50 Keep
09:07 Scout Tower
09:56 Guard Tower
10:52 Scout Tower
10:52 Scout Tower
10:55 Arcane Vault
11:01 Scout Tower
11:24 Guard Tower
11:35 Guard Tower
11:44 Scout Tower
12:10 Scout Tower
12:11 Guard Tower
12:52 Arcane Sanctum
12:56 Arcane Sanctum
13:05 Arcane Tower
15:43 Guard Tower
15:46 Scout Tower
15:47 Scout Tower
15:48 Scout Tower
16:24 Scout Tower
16:24 Scout Tower
16:29 Guard Tower
16:32 Farm
16:41 Scout Tower
16:43 Scout Tower
17:06 Arcane Tower
17:07 Guard Tower
18:08 Guard Tower
20:27 Gryphon Aviary
20:29 Castle
20:32 Barracks
20:35 Blacksmith
21:16 Scout Tower
21:17 Scout Tower
21:38 Scout Tower
22:13 Gryphon Aviary
22:14 Farm
22:15 Farm
22:15 Farm
22:16 Farm
22:16 Farm
22:20 Guard Tower
23:49 Scout Tower
23:49 Scout Tower
23:50 Scout Tower
24:31 Guard Tower
24:33 Scout Tower
24:35 Scout Tower
24:57 Guard Tower
25:02 Scout Tower
25:03 Scout Tower
25:03 Scout Tower
25:04 Scout Tower
25:05 Scout Tower
25:05 Scout Tower
25:13 Guard Tower
25:38 Guard Tower
25:44 Guard Tower
26:11 Guard Tower
26:12 Scout Tower
26:13 Scout Tower
26:14 Scout Tower
26:15 Scout Tower
26:27 Scout Tower
26:29 Scout Tower
26:38 Town Hall
26:43 Scout Tower
26:49 Town Hall
26:51 Scout Tower
26:53 Scout Tower
26:54 Guard Tower
27:22 Guard Tower
27:26 Guard Tower
27:30 Scout Tower
28:01 Arcane Tower
28:03 Scout Tower
28:04 Scout Tower
» items
                
                | Lesser Clarity Potion | 12 |  | 
| Scroll of Regeneration | 6 |  | 
| Staff of Teleportation | 2 |  | 
| Boots of Speed | 2 |  | 
| Potion of Healing | 6 |  | 
| Potion of Mana | 7 |  | 
| Scroll of Town Portal | 1 |  | 
| Periapt of Vitality | 1 |  | 
| Staff of Sanctuary | 2 |  | 
                39 total
  
               team 2 (loser) 
              
              
xywind99 (
yellow | 173 APM | 5084 actions | 29:21)
              
 5 Blademaster 
 2 Wind Walk
 3 Critical Strike
 3 Shadow Hunter 
 1 Hex
 2 Healing Wave
 
                » actions 
                
                | Assign group hotkey | 60 |  | 
| Basic commands | 890 |  | 
| Build / train | 99 |  | 
| ESC pressed | 1 |  | 
| Enter build submenu | 20 |  | 
| Enter hero's abilities submenu | 8 |  | 
| Give item / drop item | 4 |  | 
| Right click | 1471 |  | 
| Select / deselect | 881 |  | 
| Select group hotkey | 1474 |  | 
| Use ability | 176 |  | 
                5084 total
 » units 
                
                | Peon | 14 |  | 
| Grunt | 9 |  | 
| Demolisher | 18 |  | 
| Raider | 9 |  | 
| Spirit Walker | 4 |  | 
                54 total
 » upgrades
                
                | Ranged Weapons | 2 |  | 
| Ensnare | 2 |  | 
| Pillage | 1 |  | 
| Spirit Walker Training | 1 |  | 
                6 total
 » buildings
                
                | Altar of Storms | 1 |  | 
| Orc Burrow | 5 |  | 
| Barracks | 1 |  | 
| Voodoo Lounge | 2 |  | 
| Stronghold | 1 |  | 
| War Mill | 1 |  | 
| Beastiary | 1 |  | 
| Spirit Lodge | 1 |  | 
| Watch Tower | 5 |  | 
| Great Hall | 1 |  | 
                19 total
 » build order
                00:04 Altar of Storms
00:17 Orc Burrow
00:35 Barracks
01:32 Orc Burrow
01:50 Voodoo Lounge
03:00 Stronghold
04:06 Orc Burrow
04:31 War Mill
05:22 Beastiary
05:50 Orc Burrow
08:08 Spirit Lodge
09:08 Orc Burrow
15:02 Voodoo Lounge
17:42 Watch Tower
19:05 Watch Tower
19:08 Watch Tower
19:13 Watch Tower
19:15 Watch Tower
24:22 Great Hall
» items
                
                | Healing Salve | 6 |  | 
| Lesser Clarity Potion | 8 |  | 
| Scroll of Speed | 3 |  | 
                17 total
  
                Chat log
          
(16:42 / All) xywind99: woo